 Dungeon Crawl Stone Soup version 0.31-a0-219-g8d62b2e7bb (webtiles) character file.

Game seed: 7652325661663486347

140 qw the Shooter (level 5, -1/30 HPs)
             Began as a Gargoyle Hexslinger on July 3, 2023.
             Killed by divine providence
             ... invoked by an orc priest
              (8 damage)
             ... on level 3 of the Dungeon.
             The game lasted 00:00:41 (1622 turns).

qw the Shooter (Gargoyle Hexslinger)                Turns: 1622, Time: 00:00:42

Health: -1/30      AC:  7    Str: 12    XL:     5   Next: 22%
Magic:  6/6        EV: 11    Int: 13    God:
Gold:   68         SH:  0    Dex: 14    Spells: 5/6 levels left

rFire   . . .        Y - +1 sling
rCold   . . .        (no shield)
rNeg    + . .        e - +0 leather armour
rPois   inf          (no helmet)
rElec   +            (no cloak)
rCorr   .            (no gloves)
SInv    .            (no boots)
Will    .....        (no amulet)
Stlth   +            (no ring)
HPRegen 0.25/turn    (no ring)
MPRegen 0.10/turn

%: no passive effects
@: no status effects
A: sickness immunity, AC +4, negative energy resistance 1, electricity
resistance, torment resistance 1, petrification resistance
a: no special abilities


You were on level 3 of the Dungeon.
You visited 1 branch of the dungeon, and saw 3 of its levels.

You collected 68 gold pieces.


Innate Abilities, Weirdness & Mutations

You are immune to sickness and miasma.
Your stone body is resilient. (AC +4)
You are immune to poison.
You resist negative energy. (rN+)
You are resistant to electric shocks. (rElec)
You are resistant to unholy torment.
You are immune to petrification.


   Skills:
 + Level 2.0 Fighting
 - Level 5.0 Ranged Weapons
 - Level 1.5 Dodging
 - Level 1.0 Spellcasting
 - Level 2.6 Hexes


You had 5 spell levels left.
You knew the following spells:

 Your Spells              Type           Power      Damage    Failure   Level
a - Slow                  Hex            28%        N/A       12%         1

Your spell library contained the following spells:

 Spells                   Type           Power      Damage    Failure   Level
 Inner Flame              Hex/Fire       4%         N/A       52%         3
 Portal Projectile        Hex/Tloc       8%         N/A       52%         3
 Cause Fear               Hex            3%         N/A       75%         4

Inventory:

Hand Weapons
 Y - a +1 sling (weapon)
Armour
 e - a +0 leather armour (worn)
Potions
 a - a potion of enlightenment {unknown}
 g - a potion of haste {unknown}

Dungeon Overview and Level Annotations

Branches:
Dungeon (3/15)

Altars:
Nemelex Xobeh
Yredelemnul

Annotations:
D:2 1 runed translucent door, Crazy Yiuf


Message History

You kill the worm!
Your Ranged Weapons skill increases to level 5!
Found a basalt altar of Yredelemnul.
There is a basalt altar of Yredelemnul here.
Found 3 scrolls of vulnerability.
A kobold comes into view. It is wielding a +0 club.
The kobold shouts!
You hear a shout! x3
The kobold moves out of view.
You shoot a sling bullet.
The sling bullet barely misses the kobold.
The kobold barely misses you.
You shoot a sling bullet. The sling bullet hits the kobold.
The kobold is heavily wounded.
The kobold hits you but does no damage.
You shoot a sling bullet. The sling bullet hits the kobold.
You kill the kobold!
An orc priest comes into view. It is wielding a +0 mace.
An orc comes into view. It is wielding a +0 whip.
You shoot a sling bullet. The sling bullet hits the orc priest.
The orc priest is moderately wounded.
An orc priest comes into view. It is wielding a +0 morningstar.
1617 ||| Stepping ~*~*~tactically~*~*~ (outnumbered).
You shoot a sling bullet. The sling bullet hits the orc priest.
The orc priest is heavily wounded.
The orc priest mumbles some strange prayers to Beogh against you.
Beogh smites you!
You shoot a sling bullet.
The sling bullet hits the orc priest but does no damage.
The orc priest is heavily wounded.
The orc priest calls down the wrath of Beogh upon you.
Beogh smites you!
You shoot a sling bullet. The sling bullet hits the orc priest.
The orc priest is severely wounded.
You shoot a sling bullet. The sling bullet hits the orc priest.
The orc priest is almost dead.
You shoot a sling bullet.
The sling bullet barely misses the orc priest.
The orc priest mumbles some strange prayers to Beogh against you.
Beogh smites you!
You die...

#############
#....@o.....##
#...####o).....#
# #.7..77.#
#.77o.7 #.77..7
#..7 .7 ##.77 o
#...7 .o #._.7


You could see 2 orc priests and an orc.

Vanquished Creatures
  A scorpion (D:3)
  Jessica (D:2)
  An adder (D:3)
  3 worms
  A dart slug (D:1)
  4 endoplasms
  A giant cockroach (D:1)
  4 goblins
  3 hobgoblins
  2 jackals (D:1)
  5 kobolds
  A quokka (D:2)
  5 ball pythons
  5 bats
  A frilled lizard (D:2)
  2 rats
40 creatures vanquished.

Notes
Turn   | Place    | Note
-------+----------+-------------------------------------------
     0 | D:1      | qw the Gargoyle Hexslinger began the quest for the Orb.
     0 | D:1      | Reached XP level 1. HP: 12/12 MP: 2/2
     0 | D:1      | 0 ||| qw: Version: 0.3-a-40-ge99b1a8
     0 | D:1      | 0 ||| qw: Game counter: 387
     0 | D:1      | 0 ||| qw: Melee chars always use a shield: true
     0 | D:1      | 0 ||| qw: God list: Okawaru
     0 | D:1      | 0 ||| qw: Allow faded altars: false
     0 | D:1      | 0 ||| qw: Do Orc after clearing Dungeon:15 true
     0 | D:1      | 0 ||| qw: Do second Lair branch before Depths: true
     0 | D:1      | 0 ||| qw: Lair rune preference: random
     0 | D:1      | 0 ||| qw: Goals: Normal
     0 | D:1      | 0 ||| PLANNING D:1-11
   136 | D:1      | Reached XP level 2. HP: 8/16 MP: 3/3
   150 | D:1      | 150 ||| FLEEEEING.
   151 | D:1      | 151 ||| FLEEEEING.
   152 | D:1      | 152 ||| FLEEEEING.
   153 | D:1      | 153 ||| FLEEEEING.
   154 | D:1      | 154 ||| FLEEEEING.
   155 | D:1      | 155 ||| FLEEEEING.
   159 | D:1      | 159 ||| FLEEEEING.
   164 | D:1      | 164 ||| FLEEEEING.
   165 | D:1      | 165 ||| FLEEEEING.
   166 | D:1      | 166 ||| FLEEEEING.
   262 | D:1      | Found a faded altar of an unknown god.
   281 | D:1      | 281 ||| FLEEEEING.
   306 | D:1      | Reached skill level 3 in Ranged Weapons
   769 | D:1      | 769 ||| UPGRADING to +0 leather armour.
   779 | D:1      | 779 ||| DROPPING +0 robe.
   780 | D:1      | 780 ||| DROPPING scarf of invisibility.
   781 | D:1      | 781 ||| READING scroll labelled YDIRYI WESES.
   782 | D:1      | 782 ||| DROPPING scroll of poison.
   831 | D:2      | Reached XP level 3. HP: 21/21 MP: 4/4
   865 | D:2      | Found a sparkling altar of Nemelex Xobeh.
   885 | D:2      | Found a runed translucent door.
   886 | D:2      | Noticed Crazy Yiuf
  1073 | D:2      | Noticed Jessica
  1075 | D:2      | Killed Jessica
  1080 | D:2      | Reached XP level 4. HP: 26/26 MP: 5/5
  1131 | D:2      | Reached skill level 4 in Ranged Weapons
  1380 | D:2      | 1380 ||| READING scroll labelled BIYPTABILUKH.
  1517 | D:3      | Noticed a scorpion
  1522 | D:3      | Killed a scorpion
  1523 | D:3      | Reached XP level 5. HP: 30/30 MP: 6/6
  1590 | D:3      | Reached skill level 5 in Ranged Weapons
  1595 | D:3      | Found a basalt altar of Yredelemnul.
  1617 | D:3      | 1617 ||| Stepping ~*~*~tactically~*~*~ (outnumbered).
  1619 | D:3      | HP: 6/30 [orc priest/divine providence (14)]
  1622 | D:3      | Killed from afar by an orc priest

Levels and vault maps discovered:
D:1:      evilmike_arrival_crescent, layout_loops_ring,
          shapermc_ecumenical_altar_mp_urbaneastern
D:2:      layout_basic, basic_altar, uniq_crazy_yiuf_cottage, uniq_jessica
D:3:      layout_rooms, grunt_temple_overflow_cloverleaf,
          mainiacjoe_overflow_catch_the_wave

Skill      XL: |  1  2  3  4  5 |
---------------+----------------+-----
Ranged Weapons | 3 4 5 |  5.0
Fighting       | 2 |  2.0
Dodging        | |  1.5
Spellcasting   | |  1.0
Hexes          | |  2.6

Action                     |  1- 3 |  4- 6 || total
---------------------------+-------+-------++-------
   Fire: Sling             |   101 |    56 ||   157
    Use: Scroll            |     1 |     1 ||     2
 Armour: Robe              |     9 |       ||     9
         Leather armour    |     1 |    12 ||    13
  Dodge: Dodged            |    26 |    20 ||    46

Table legend:
 A = Non-vault XP
 B = Vault XP
 C = Vault XP percentage of total XP
 D = Non-vault monster count
 E = Vault monster count
 F = Vault count percentage of total count
                 A         B        C        D         E       F
            +---------+---------+-------+---------+---------+-------
      Total |     163 |      37 |  18.5 |      39 |       1 |   2.5
            +---------+---------+-------+---------+---------+-------
        D:1 |      31 |       0 |   0.0 |      18 |       0 |   0.0
        D:2 |      29 |      37 |  56.1 |      15 |       1 |   6.2
        D:3 |     103 |       0 |   0.0 |       6 |       0 |   0.0
            +---------+---------+-------+---------+---------+-------
